Map: Dasan Station LE

Players

Fropez - Winner!

  • Race: Protoss Protoss
  • League: Gold
  • Spawn Location: 12:00

CheesyBob

  • Race: Terran Terran
  • Spawn Location: 6:00

VOD

Have the link to the VOD?

Description

Time

  • Played on: Nov. 8, 2016, 10:25 a.m.
  • Length: 19:21
Show
View Real Time Build Order
Export as new Build Order

Fropez Protoss - Winner!

Build Orders:  

Get SALT Encoding   

  12  0:01  Probe (Chrono Boost)  
  13  0:15  Pylon  
  13  0:17  Probe (Chrono Boost)  
  14  0:27  Probe (Chrono Boost)  
  15  0:34  Gateway  
  15  0:38  Probe (Chrono Boost)  
  16  0:48  Probe (Chrono Boost)  
  17  0:51  Gateway  
  17  0:59  Probe (Chrono Boost)  
  17  1:00  Assimilator  
  18  1:10  Probe (Chrono Boost)  
  19  1:24  Probe (Chrono Boost)  
  20  1:34  Probe (Chrono Boost)  
  21  1:44  Zealot (Chrono Boost)  
  21  1:45  Pylon  
  23  1:56  Cybernetics Core  
  23  2:04  Probe, Zealot (Chrono Boost)  
  28  2:16  Probe  
  28  2:17  Zealot (Chrono Boost)  
  28  2:19  Assimilator  
  30  2:38  Adept (Chrono Boost)  
  31  2:50  Pylon  
  31  2:52  Warp Gate (Chrono Boost)  
  31  3:05  Nexus  
  31  3:08  Adept, Mothership Core  
  35  3:20  Robotics Facility  
  35  3:29  Probe  
  38  3:34  Adept  
  38  3:41  Probe  
  39  4:03  Pylon  
  44  4:17  Probe  
  44  4:19  Pylon, Probe  
  44  4:25  Immortal  
  44  4:30  Probe  
  45  4:38  Probe  
  46  4:50  Stalker  
  46  4:51  Gateway, Stalker  
  50  4:55  Probe  
  50  4:56  Probe  
  52  5:07  Gateway  
  52  5:08  Probe, Assimilator  
  52  5:09  Probe  
  54  5:18  Assimilator  
  54  5:20  Forge  
  54  5:21  Probe  
  54  5:22  Probe  
  54  5:28  Warp Prism  
  56  5:35  Adept, Probe  
  61  5:42  Pylon, Probe  
  61  5:45  Pylon  
  62  5:53  Protoss Ground Weapons Level 1 (Chrono Boost)  
  62  5:58  Pylon  
  62  6:00  Probe  
  63  6:08  Pylon  
  63  6:10  Pylon  
  61  6:22  Stalker x2  
  65  6:29  Gateway  
  65  6:31  Gateway  
  61  7:02  Immortal  
  61  7:03  Stalker x3  
  61  7:04  Stalker  
  73  7:10  Probe x2  
  73  7:12  Forge  
  75  7:22  Probe  
  76  7:25  Probe  
  77  7:35  Adept x5  
  85  7:49  Probe  
  72  8:30  Probe x2  
  72  8:31  Adept x3  
  72  8:32  Adept  
  82  8:40  Stalker  
  82  8:41  Stalker  
  78  8:58  Protoss Ground Armor Level 1 (Chrono Boost)  
  78  9:01  Twilight Council  
  78  9:02  Protoss Shields Level 1 (Chrono Boost)  
  56  9:32  Stalker  
  56  9:33  Stalker x5  
  68  9:38  Blink (Chrono Boost)  
  67  9:53  Warp Prism (Chrono Boost)  
  68  10:03  Probe  
  68  10:04  Probe  
  68  10:05  Nexus  
  70  10:07  Assimilator  
  70  10:09  Assimilator  
  70  10:10  Stalker x4  
  70  10:11  Pylon, Stalker  
  80  10:15  Probe  
  80  10:29  Observer (Chrono Boost)  
  79  10:39  Stalker x3  
  79  10:40  Stalker x2  
  85  11:03  Probe x2  
  87  11:15  Probe x2  
  89  11:20  Stalker x2  
  93  11:30  Probe x2  
  93  11:56  Observer (Chrono Boost)  
  94  12:07  Probe  
  95  12:11  Stalker x2  
  95  12:12  Stalker x4  
  95  12:15  Protoss Ground Armor Level 2 (Chrono Boost)  
  107  12:17  Protoss Ground Weapons Level 2 (Chrono Boost)  
  105  13:17  Adept x3  
  105  13:18  Adept x3  
  87  14:04  Stalker x3  
  87  14:05  Stalker x3  
  100  14:10  Observer  
  94  14:18  Protoss Shields Level 2 (Chrono Boost)  
  86  14:30  Nexus  
  86  14:31  Assimilator x2  
  86  14:33  Stalker x5  
  86  14:34  Stalker  
  74  14:53  Protoss Ground Weapons Level 3 (Chrono Boost)  
  74  14:59  Pylon  
  74  15:02  Photon Cannon  
  74  15:03  Photon Cannon  
  73  15:09  Observer  
  73  15:14  Adept x5  
  76  15:15  Adept  
  86  15:35  Stalker x3  
  88  15:36  Pylon, Stalker x3  
  88  15:38  Pylon  
  88  15:41  Pylon  
  98  15:44  Pylon  
  98  15:46  Pylon  
  94  15:52  Pylon  
  94  16:00  Pylon  
  94  16:03  Adept  
  94  16:04  Adept x5  
  96  16:05  Photon Cannon  
  104  16:19  Gateway  
  104  16:26  Gateway  
  104  16:27  Gateway  
  104  16:29  Gateway  
  104  16:36  Adept x6  
  92  17:16  Stalker x5  
  92  17:17  Stalker  
  100  17:25  Immortal  
  90  17:51  Stalker x7  
  94  17:52  Stalker x3  
  106  18:25  Stalker x7  
  106  18:26  Stalker x2  
  100  18:49  Stalker x6  
  100  18:50  Stalker  
Show
View Real Time Build Order
Export as new Build Order

CheesyBob Terran 

Build Orders:  

Get SALT Encoding   

  12  0:02  SCV  
  13  0:14  SCV  
  14  0:24  Supply Depot  
  14  0:26  SCV  
  15  0:46  SCV  
  15  0:48  Refinery  
  15  0:49  Barracks  
  16  0:58  SCV  
  17  1:10  SCV, Refinery  
  18  1:21  Engineering Bay  
  18  1:22  SCV  
  19  1:34  SCV  
  20  1:40  Supply Depot  
  20  1:41  Reaper  
  20  1:47  SCV  
  22  2:10  SCV, Factory  
  22  2:13  Reaper  
  24  2:24  SCV  
  25  2:48  Reaper  
  26  2:53  SCV  
  26  2:57  Starport  
  27  3:03  Factory Tech Lab  
  26  3:19  Starport  
  26  3:20  Missile Turret  
  26  3:25  Barracks Reactor  
  26  3:27  Command Center  
  26  3:32  Siege Tank  
  29  3:34  SCV  
  30  3:55  Starport Tech Lab  
  30  4:08  Refinery  
  30  4:14  Refinery  
  30  4:22  Supply Depot, Liberator  
  30  4:30  Orbital Command  
  30  4:37  Liberator  
  33  4:54  Supply Depot  
  36  5:01  SCV  
  37  5:07  SCV  
  37  5:13  Liberator  
  37  5:14  SCV  
  39  5:20  SCV, Liberator  
  40  5:23  Barracks Reactor  
  40  5:26  SCV  
  41  5:32  SCV  
  45  5:38  SCV  
  45  5:40  Siege Tank  
  52  5:44  SCV  
  53  5:50  SCV  
  53  5:56  SCV  
  55  6:00  Supply Depot  
  55  6:02  SCV  
  56  6:06  Building Armor  
  56  6:07  Missile Turret  
  56  6:08  SCV  
  57  6:14  SCV  
  52  6:26  SCV  
  53  6:33  Siege Tank  
  53  6:34  Liberator  
  53  6:35  Reaper x2  
  53  6:38  SCV  
  59  6:49  Starport Tech Lab  
  63  7:10  Siege Tank  
  65  7:16  Banshee  
  68  7:23  Supply Depot  
  68  7:43  Siege Tank  
  60  8:25  Siege Tank, Reaper x2  
  62  8:33  Banshee  
  60  8:40  SCV  
  59  8:48  Supply Depot  
  59  8:52  SCV, Starport Tech Lab, Command Center  
  60  8:55  Cloaking Field  
  60  9:04  SCV  
  60  9:16  SCV, Banshee  
  56  9:28  SCV  
  49  9:33  Reaper x2  
  49  9:34  Siege Tank  
  52  9:40  SCV  
  53  9:52  Command Center  
  53  9:53  SCV  
  53  9:54  Banshee  
  57  10:05  SCV, Reaper x2  
  57  10:06  Siege Tank  
  49  11:08  Starport, Banshee  
  49  11:09  Banshee  
  49  11:10  Siege Tank  
  58  11:11  Reaper x2  
  59  11:42  Siege Tank  
  59  11:43  Command Center  
  56  11:49  Reaper x2  
  58  12:12  SCV  
  58  12:14  Siege Tank  
  62  12:24  SCV  
  62  12:25  Banshee x2  
  62  12:27  Reaper  
  62  12:28  Reaper  
  71  12:34  Command Center  
  71  12:37  SCV  
  72  12:46  Siege Tank  
  72  12:49  SCV  
  76  13:00  Reaper x2  
  76  13:01  SCV  
  79  13:09  Refinery  
  79  13:13  SCV  
  79  13:14  Banshee  
  79  13:15  Banshee  
  79  13:19  Siege Tank  
  89  13:25  SCV  
  82  13:32  Reaper x2  
  72  13:48  Planetary Fortress  
  72  13:51  Siege Tank  
  72  13:57  Banshee x2  
  76  14:04  Reaper  
  75  14:23  Siege Tank  
  68  14:40  Banshee x2  
  67  14:54  SCV  
  67  14:59  Refinery  
  68  15:06  SCV  
  69  15:10  SCV  
  70  15:18  SCV  
  71  15:22  SCV  
  71  15:24  Reaper x2  
  71  15:25  Siege Tank  
  77  15:30  SCV  
  77  15:34  SCV  
  69  15:43  SCV  
  69  15:44  Refinery  
  69  15:46  SCV  
  68  15:55  SCV  
  68  15:56  Reaper x2  
  74  15:57  Siege Tank  
  74  15:58  SCV  
  72  16:06  Liberator  
  72  16:14  Barracks  
  72  16:16  Barracks  
  72  16:17  Barracks  
  75  16:29  Siege Tank  
  72  16:56  Command Center  
  46  17:28  SCV  
  44  17:40  SCV  
  45  17:47  Banshee x2  
  50  17:53  SCV  
  50  17:57  Barracks Reactor x2  
  51  18:05  SCV  
  52  18:07  Siege Tank  
  52  18:16  Command Center  
  52  18:17  SCV  
  44  18:29  SCV  
  30  18:41  SCV  
  30  18:43  Marine x2  
  30  18:44  Marine x2  
  32  19:01  Marine  
  32  19:02  Marine x2  
Tags
 
League
Gold
Matchup
PvT
Replay Pack
All Mines
Spawn Locations
Cross Positions
Add a new tag
Caveats
  • Supply blocks, unpowered buildings, or Contaminate may cause inaccurate times.
  • Supply counts are checked every 10 seconds.